Map: Acid Plant LE

Players

Rhizer - Winner!

  • Race: Protoss Protoss
  • Spawn Location: 5:00

Epic

  • Race: Terran Terran
  • Spawn Location: 11:00

Event: WCS Austin 2018

VOD

Have the link to the VOD?

Description

Time

  • Played on: June 1, 2018, 1:26 p.m.
  • Length: 12:02

All games in this series

Show
View Real Time Build Order
Export as new Build Order

Rhizer Protoss - Winner!

Build Orders: 1 Gate Expand, Blink Stalkers 

Get SALT Encoding   

  12  0:07  Probe  
  13  0:19  Probe  
  13  0:20  Pylon  
  14  0:30  Probe  
  15  0:38  Probe  
  15  0:39  Gateway  
  16  0:46  Assimilator, Probe  
  17  0:58  Probe  
  18  1:10  Probe  
  19  1:22  Probe  
  20  1:28  Nexus  
  20  1:36  Cybernetics Core  
  20  1:39  Probe  
  21  1:45  Assimilator  
  21  1:51  Probe  
  22  1:54  Pylon  
  22  2:02  Probe  
  22  2:03  Adept  
  23  2:11  Probe  
  23  2:13  Warp Gate  
  26  2:19  Probe  
  26  2:25  Stalker  
  26  2:29  Probe  
  30  2:39  Probe  
  30  2:42  Twilight Council, Probe  
  32  2:50  Stalker, Blink  
  31  2:52  Probe  
  31  2:54  Probe  
  34  3:04  Probe  
  35  3:08  Probe  
  35  3:10  Pylon  
  36  3:16  Probe  
  37  3:20  Probe  
  38  3:28  Probe  
  38  3:32  Probe  
  38  3:33  Shield Battery  
  40  3:40  Probe  
  41  3:44  Probe  
  41  3:46  Gateway  
  42  3:52  Probe  
  42  3:53  Gateway  
  42  3:55  Pylon  
  41  3:57  Probe  
  42  4:04  Probe  
  42  4:06  Assimilator  
  42  4:09  Probe  
  44  4:15  Pylon  
  44  4:16  Probe  
  44  4:17  Stalker  
  47  4:21  Probe  
  47  4:23  Pylon  
  48  4:30  Pylon  
  48  4:32  Robotics Facility  
  48  4:40  Nexus  
  48  4:41  Sentry  
  48  4:45  Stalker  
  52  4:46  Probe  
  52  4:48  Probe  
  52  4:51  Stalker  
  56  4:57  Charge  
  56  4:58  Probe  
  57  5:04  Gateway  
  57  5:07  Gateway  
  57  5:08  Sentry  
  57  5:10  Probe  
  57  5:12  Probe  
  57  5:13  Observer  
  62  5:23  Probe  
  62  5:27  Probe  
  62  5:28  Forge  
  64  5:29  Observer  
  64  5:33  Forge  
  64  5:35  Probe  
  66  5:37  Protoss Ground Armor Level 1  
  66  5:39  Probe  
  66  5:42  Immortal  
  67  5:44  Pylon  
  67  5:47  Phoenix, Probe  
  68  5:51  Probe  
  68  5:56  Protoss Ground Weapons Level 1  
  73  5:59  Probe  
  73  6:00  Probe  
  73  6:03  Probe  
  76  6:05  Photon Cannon  
  76  6:06  Shield Battery  
  76  6:08  Stalker  
  76  6:10  Sentry  
  80  6:11  Probe  
  80  6:14  Observer  
  80  6:15  Stalker, Observer  
  80  6:18  Probe  
  84  6:28  Immortal  
  84  6:30  Stalker x2  
  92  6:42  Zealot x3  
  98  6:47  Gateway  
  98  6:48  Gateway, Pylon  
  98  6:52  Pylon  
  98  6:55  Zealot  
  100  7:01  Immortal  
  100  7:02  Pylon  
  100  7:07  Pylon  
  104  7:10  Zealot x3  
  104  7:11  Zealot  
  104  7:14  Dark Shrine  
  112  7:17  Protoss Ground Armor Level 2  
  112  7:18  Photon Cannon  
  112  7:21  Assimilator  
  112  7:24  Pylon  
  112  7:26  Sentry  
  112  7:27  Pylon  
  114  7:31  Zealot  
  114  7:32  Zealot x3  
  122  7:37  Probe x2  
  122  7:39  Pylon  
  122  7:42  Warp Prism  
  126  7:44  Protoss Ground Weapons Level 2  
  117  7:56  Zealot x5  
  117  7:57  Zealot  
  111  8:22  Zealot x4  
  111  8:23  Zealot x3  
  123  8:32  Nexus  
  123  8:34  Pylon  
  123  8:35  Observer  
  123  8:36  Pylon  
  124  8:47  Stalker x4  
  124  8:48  Zealot x2  
  136  8:55  Robotics Bay  
  136  8:59  Dark Templar  
  133  9:12  Pylon, Dark Templar  
  133  9:13  Zealot x5, Pylon  
  133  9:15  Pylon  
  123  9:36  Dark Templar x2  
  123  9:37  Dark Templar  
  109  9:52  Pylon  
  104  9:53  Stalker, Pylon  
  104  9:54  Stalker  
  104  10:07  Probe x3  
  103  10:13  Archon x2  
  105  10:18  Stalker  
  105  10:19  Stalker x4, Probe x2  
  117  10:21  Sentry  
  119  10:30  Probe  
  119  10:31  Probe  
  121  10:43  Zealot x2  
  121  10:44  Zealot x5  
  130  11:01  Pylon  
  134  11:04  Pylon  
  130  11:12  Zealot x3  
  130  11:13  Zealot x2  
  130  11:17  Sentry  
  142  11:18  Zealot  
  114  11:34  Zealot x5  
  113  11:52  Stalker x2  
  107  11:58  Zealot x3  
  107  11:59  Zealot x2  
Show
View Real Time Build Order
Export as new Build Order

Epic Terran 

Build Orders: Reaper Expand, MMM Bio 

Get SALT Encoding   

  12  0:00  SCV  
  13  0:12  SCV  
  14  0:17  Supply Depot  
  14  0:24  SCV  
  15  0:38  SCV  
  15  0:39  Barracks  
  16  0:44  Refinery  
  16  0:50  SCV  
  17  1:02  SCV  
  18  1:14  SCV  
  19  1:27  Orbital Command, Reaper  
  20  1:43  Command Center  
  20  1:53  Supply Depot  
  20  1:54  SCV  
  20  1:59  Marine  
  22  2:06  SCV  
  23  2:16  Factory  
  23  2:18  SCV  
  23  2:20  Refinery  
  24  2:23  Barracks Reactor  
  24  2:30  SCV  
  25  2:43  SCV  
  26  2:55  SCV  
  26  2:57  Orbital Command  
  27  3:07  SCV  
  27  3:08  Cyclone  
  27  3:09  Cyclone  
  33  3:19  SCV  
  35  3:23  SCV  
  35  3:26  Barracks Tech Lab  
  35  3:27  Supply Depot  
  35  3:31  SCV  
  36  3:35  SCV  
  37  3:44  SCV  
  37  3:47  SCV  
  39  3:49  Cyclone  
  39  3:51  Cyclone  
  39  3:54  Engineering Bay  
  45  3:55  Supply Depot  
  45  3:58  SCV  
  45  3:59  SCV  
  46  4:08  Marine  
  46  4:09  Stimpack  
  47  4:10  Barracks, SCV  
  47  4:12  Barracks  
  47  4:15  Bunker, SCV  
  49  4:22  Refinery, Missile Turret  
  50  4:24  SCV  
  50  4:31  SCV  
  50  4:32  Marauder  
  50  4:36  SCV  
  54  4:40  Missile Turret  
  54  4:42  Factory Reactor  
  54  4:43  SCV  
  55  4:48  SCV  
  56  4:53  Supply Depot  
  56  4:55  SCV  
  56  4:58  Refinery  
  56  4:59  Barracks Tech Lab  
  57  5:00  SCV  
  57  5:01  Starport  
  57  5:02  Terran Infantry Weapons Level 1  
  57  5:07  Marine x2  
  58  5:08  SCV  
  58  5:12  SCV  
  62  5:14  Marauder  
  62  5:15  Supply Depot  
  62  5:19  Marauder  
  62  5:20  Combat Shields  
  66  5:24  SCV  
  66  5:26  Supply Depot, SCV  
  68  5:32  Marine x2  
  70  5:40  Marauder x2  
  74  5:46  Supply Depot  
  74  5:50  Marine x2  
  74  5:52  Medivac x2  
  79  6:00  Supply Depot, Factory Reactor  
  79  6:01  Marauder x2  
  83  6:07  Marine x2  
  83  6:08  Supply Depot  
  83  6:11  Concussive Shells  
  85  6:22  Medivac x2  
  85  6:25  Marauder x2  
  93  6:28  Marine x2  
  93  6:38  Widow Mine  
  95  6:40  Widow Mine, Command Center  
  97  6:47  Marine  
  97  6:48  Marine, Marauder, Supply Depot  
  97  6:50  Marauder  
  97  6:53  Medivac  
  105  6:56  Medivac  
  105  7:01  Terran Infantry Armor Level 1  
  107  7:05  Marine  
  107  7:06  Marine  
  109  7:08  Supply Depot  
  109  7:10  Widow Mine x2  
  113  7:20  Marauder x2  
  117  7:23  Liberator  
  117  7:25  Marine  
  117  7:28  Liberator  
  117  7:29  Supply Depot  
  118  7:30  Marine  
  118  7:31  Supply Depot  
  118  7:34  Widow Mine  
  118  7:35  Widow Mine  
  118  7:36  Supply Depot  
  118  7:52  Marine x2  
  118  7:53  Marauder x2  
  120  7:59  Widow Mine x2  
  120  8:01  Orbital Command  
  124  8:10  Barracks  
  124  8:17  Marauder x2  
  124  8:18  Marine  
  105  8:20  Liberator x2, Barracks  
  105  8:22  Widow Mine  
  105  8:24  Widow Mine  
  107  8:28  SCV x2  
  107  8:32  Orbital Command  
  109  8:40  SCV  
  116  8:46  Armory  
  116  8:49  SCV  
  116  8:51  Widow Mine  
  116  8:52  SCV  
  116  8:54  Widow Mine  
  122  8:58  Barracks Tech Lab  
  122  9:06  Marine  
  122  9:07  Marauder x2, Marine  
  127  9:18  Liberator  
  127  9:29  Marine x2  
  127  9:30  Marauder x3, Marine  
  95  9:51  Marauder  
  91  9:53  Command Center  
  91  9:59  Widow Mine x2  
  95  10:03  Marauder, Marine x2  
  94  10:08  Marine x2  
  96  10:18  Marauder  
  98  10:22  Marine x2  
  98  10:25  Marauder, Marine  
  98  10:26  Marine  
  101  10:39  Marine  
  101  10:40  Marine x2  
  101  10:42  Liberator  
  102  10:43  Liberator, Marine  
  103  10:56  Widow Mine x2  
  104  11:03  Barracks Reactor  
  110  11:09  Marine x3  
  110  11:11  Marine  
  114  11:14  Marine  
  107  11:27  Marine  
  107  11:32  Marine x2  
Tags
 
Add a new tag
Caveats
  • Supply blocks, unpowered buildings, or Contaminate may cause inaccurate times.
  • Supply counts are checked every 10 seconds.